 Dungeon Crawl Stone Soup version 0.26.1-11-gd32895ea62 (webtiles) character file.

Game seed: 13458821765165463123

25051 jlumianski the Thaumaturge (level 13, -10/90 HPs)
             Began as a Gnoll Warper on May 2, 2021.
             Was a Priest of Hepliaklqana.
             Mangled by an ogre
             ... wielding a +0 giant club
              (23 damage)
             ... on level 1 of the Orcish Mines.
             The game lasted 01:26:42 (14875 turns).

jlumianski the Thaumaturge (Gnoll Warper)          Turns: 14875, Time: 01:26:43

Health: -10/90     AC: 14    Str: 26    XL:     13   Next: 17%
Magic:  26/26      EV: 19    Int: 20    God:    Hepliaklqana [***...]
Gold:   1182       SH:  0    Dex: 18    Spells: 19/31 levels left

rFire    + . .     SeeInvis +   W - +4 battleaxe
rCold    . . .     Faith    .   (shield currently unavailable)
rNeg     . . .     Spirit   .   V - +3 troll leather armour {Snorg}
rPois    +         Reflect  .   c - +1 hat {SInv}
rElec    .         Harm     .   F - +2 cloak
rCorr    .         Rampage  .   (no gloves)
Will     .....                  q - +0 pair of boots
Stlth    ++++......             M - amulet of the acrobat
HPRegen  0.65/turn              G - +6 ring of strength
MPRegen  0.20/turn              P - ring "Vucom" {*Contam rPois Str+6 Dex+3}

@: no status effects
A: distributed training, reduced essence, fangs 1, fire resistance 1, MP-powered
wands, strong nose
a: Renounce Religion, Recall Ancestor, Ancestor Identity, Transference


You were on level 1 of the Orcish Mines.
You worshipped Hepliaklqana.
Hepliaklqana was most pleased with you.
You visited 4 branches of the dungeon, and saw 16 of its levels.

You collected 1182 gold pieces.

Inventory:

Hand Weapons
 a - a +1 long sword of holy wrath
 j - a +2 dagger of electrocution
 B - a +3 trident of protection
 W - a +4 battleaxe (weapon)
Missiles
 e - 5 boomerangs of dispersal
 m - 8 boomerangs
 n - 159 sling bullets
 t - 3 curare-tipped darts
 H - a throwing net
 N - 7 javelins
 R - 30 poisoned darts (quivered)
Armour
 c - a +1 hat of see invisible (worn)
 q - a +0 pair of boots (worn)
 F - a +2 cloak (worn)
 V - a +3 troll leather armour (worn) {Snorg}
Jewellery
 g - an uncursed ring of positive energy
 h - an uncursed ring of resist corrosion
 o - an uncursed ring of see invisible
 E - an uncursed amulet of reflection
 G - a +6 ring of strength (left hand)
 M - an amulet of the acrobat (around neck)
 P - the ring "Vucom" (right hand) {*Contam rPois Str+6 Dex+3}
   (You found it on level 5 of the Dungeon)

   [ring of strength]

   It affects your strength (+6).
   It affects your dexterity (+3).
   It protects you from poison.
   It causes magical contamination when unequipped.
Wands
 b - a wand of flame (14)
 v - a wand of digging (6)
 L - a wand of paralysis (5)
 Q - a wand of acid (9)
Scrolls
 d - a scroll of blinking
 f - 3 scrolls of teleportation
 i - 9 scrolls of identify
 l - 14 scrolls of remove curse
 r - 2 scrolls of magic mapping
 A - a scroll of enchant weapon
 K - 4 scrolls of fog
Potions
 s - 6 potions of curing
 u - a potion of lignification
 w - a potion of heal wounds
 x - a potion of resistance
 z - 3 potions of haste
 C - a potion of might
 J - a potion of degeneration {unknown}
 S - a potion of flight
 U - a potion of cancellation
 Z - a potion of magic {unknown}
Miscellaneous
 X - a phantom mirror (inert)


   Skills:
 + Level 9.3 Fighting
 + Level 8.0 Short Blades
 + Level 8.0 Long Blades
 + Level 9.3 Axes
 + Level 8.0 Maces & Flails
 + Level 8.0 Polearms
 + Level 8.0 Staves
 + Level 8.0 Slings
 + Level 8.0 Bows
 + Level 8.0 Crossbows
 + Level 8.5 Throwing
 + Level 8.5 Armour
 + Level 9.3 Dodging
 + Level 8.0 Stealth
 + Level 8.0 Shields
 + Level 8.0 Unarmed Combat
 + Level 9.5 Spellcasting
 + Level 6.7 Conjurations
 + Level 6.7 Hexes
 + Level 6.7 Summonings
 + Level 6.7 Necromancy
 + Level 8.7 Translocations
 + Level 6.7 Transmutations
 + Level 6.7 Fire Magic
 + Level 6.7 Ice Magic
 + Level 6.7 Air Magic
 + Level 6.7 Earth Magic
 + Level 6.7 Poison Magic
 + Level 8.8 Invocations
 + Level 8.0 Evocations


You had 19 spell levels left.
You knew the following spells:

 Your Spells              Type           Power        Failure   Level
a - Blink                 Tloc           N/A          1%          2
b - Gell's Gravitas       Tloc           22%          1%          3
c - Confusing Touch       Hex            36%          1%          3
d - Petrify               Tmut/Erth      36%          4%          4

Your spell library contained the following spells:

 Spells                   Type           Power        Failure   Level
 Lesser Beckoning         Tloc           22%          1%          3
 Teleport Other           Tloc           44%          1%          3
 Passage of Golubria      Tloc           N/A          2%          4
 Metabolic Englaciation   Hex/Ice        18%          14%         5
 Yara's Violent Unravell  Hex/Tmut       18%          14%         5


Dungeon Overview and Level Annotations

Branches:
Dungeon (12/15)            Temple (1/1) D:5            Lair (1/6) D:8
    Orc (2/2) D:9
    Elf: Orc:2

Altars:
Cheibriados
Dithmenos
Gozag
Hepliaklqana
Nemelex Xobeh
Okawaru
Qazlal
Ru
Trog
Uskayaw
Vehumet

Shops:
D:6 =   D:9 =   D:12 [

Annotations:
D:12 Azrael


Innate Abilities, Weirdness & Mutations

Your experience applies equally to all skills.
You have very sharp teeth.
Your uncanny sense of smell can sniff out nearby items.
Your life essence is reduced to manifest your ancestor. (-10% HP)
Your flesh is heat resistant. (rF+)
You expend magic power (3 MP) to strengthen your wands.


Message History

The two-headed ogre closely misses you. x2
The two-headed ogre completely misses you.
The two-headed ogre hits you but does no damage.
The ogre closely misses you.
You climb upwards.
There is a stone staircase leading down here.
Aiming: Phantom Mirror
Press: ? - help, Dir - move target, f - two-headed ogre
Aim: a two-headed ogre, wielding a +0 giant spiked club and a +0 giant club (moderately wounded)
You reflect the two-headed ogre with the mirror!
The mirror clouds!
The two-headed ogre misses you. x2
The ogre closely misses you.
The two-headed ogre closely misses you. x2
Your two-headed ogre closely misses the two-headed ogre.
Your two-headed ogre hits the two-headed ogre with a +0 giant club!
The two-headed ogre hits you with a +0 giant spiked club!
* * * LOW HITPOINT WARNING * * *
The two-headed ogre hits you with a +0 giant club!
* * * LOW HITPOINT WARNING * * *
The ogre hits you with a +0 giant club!!
You die...

##.......## ####........#
##.##........##
##.............##
#...........#...###
##..........#.....##
###.##..<....#.......#
####......>).).ROO...#..##
#.#.........[[.O@OO..#...#
..).............O........#
.............#.....#....###
...###.................##.##
..#####........)[..........#
..#..(##.......#....#.....##
..#...###...#.#.........###
#.(.(..##....#....#.#...#
##(...^##...#....#####.##


You could see the friendly Wigmund the knight, 3 two-headed ogres, 2 ogres and a
friendly two-headed ogre (summoned, drained).

Vanquished Creatures
  Snorg (D:11)
  4 two-headed ogres
  Nergalle (D:10)
  A slime creature (D:11)
  An unseen horror (D:10)
  An ugly thing (D:11)
  An orc sorcerer (Orc:1)
  A cyclops (D:12)
  A manticore (D:11)
  Joseph (D:8)
  A kobold demonologist (D:12)
  Grinder (D:4)
  A hornet (D:12)
  A shadow (D:11)
  19 yaks
  A wyvern (D:9)
  A wraith (D:11)
  A basilisk (D:11)
  A water moccasin (D:10)
  A hell hound (D:12)
  2 ice beasts
  6 orc warriors
  2 black bears
  An eye of draining (D:8)
  2 sky beasts
  3 phantoms
  9 ogres
  2 necrophages
  4 centaurs
  A big kobold (D:10)
  6 bullfrogs
  A wyvern zombie (D:12)
  4 gnoll sergeants
  4 scorpions
  10 wights
  2 electric eels (D:9)
  A bullfrog zombie (D:6)
  A quasit (D:10)
  A bullfrog skeleton (D:11)
  8 orc priests
  3 jellies
  11 hounds
  3 centaur skeletons
  A gnoll shaman (D:9)
  9 orc wizards
  Terence (D:2)
  2 iguanas
  7 worker ants
  A hound zombie (D:5)
  2 hound skeletons
  2 worker ant zombies
  A howler monkey skeleton (D:6)
  18 gnolls
  11 adders
  2 shadow imps (D:6)
  A white imp (D:8)
  2 ufetubi
  4 worms
  6 dart slugs
  7 leopard geckos
  59 orcs
  8 bats
  4 giant cockroaches
  2 goblins (D:1)
  11 hobgoblins
  8 jackals
  3 quokkas
  2 ball pythons
  4 frilled lizards
  A jackal zombie (D:5)
  16 kobolds
  11 rats
334 creatures vanquished.

Vanquished Creatures (collateral kills)
  Gastronok (D:10)
  A centaur warrior (D:11)
  An ogre mage (Orc:1)
  2 unseen horrors
  A deep elf mage (D:12)
  A centaur zombie (D:12)
  Maurice (D:10)
  2 trolls
  A slime creature (D:11)
  4 yaks
  An ice beast (D:11)
  An orc warrior (D:8)
  2 sky beasts (D:7)
  A black bear (D:9)
  2 phantoms (D:11)
  3 ogres
  2 centaurs
  A gnoll sergeant (D:7)
  A big kobold (D:11)
  2 scorpions
  3 wights
  A gnoll shaman (D:9)
  3 orc priests
  A bullfrog skeleton (D:11)
  3 hounds
  An orc wizard (D:7)
  2 iguanas
  2 worker ants
  2 hound skeletons
  4 gnolls
  An adder (D:8)
  2 leopard geckos
  5 orcs
  2 jackals
  3 kobolds
  A quokka (D:9)
67 creatures vanquished.

Vanquished Creatures (others)
  A troll (D:12)
  3 knights
  2 ancestors
  31 plants (D:9)
37 creatures vanquished.

Grand Total: 438 creatures vanquished

Notes
Turn   | Place    | Note
-------+----------+-------------------------------------------
     0 | D:1      | jlumianski the Gnoll Warper began the quest for the Orb.
     0 | D:1      | Reached XP level 1. HP: 20/20 MP: 6/6
   253 | D:1      | Reached XP level 2. HP: 26/26 MP: 7/7
   846 | D:1      | Found a sparkling altar of Nemelex Xobeh.
  1179 | D:1      | Reached XP level 3. HP: 30/31 MP: 9/9
  1186 | D:1      | Reached skill level 5 in Spellcasting
  1190 | D:1      | Learned a level 2 spell: Blink
  1194 | D:1      | Learned a level 3 spell: Gell's Gravitas
  1778 | D:2      | Noticed Terence
  1793 | D:2      | Killed Terence
  1794 | D:2      | Reached skill level 1 in Short Blades
  1794 | D:2      | Reached skill level 1 in Long Blades
  1794 | D:2      | Reached skill level 1 in Maces & Flails
  1794 | D:2      | Reached skill level 1 in Polearms
  1794 | D:2      | Reached skill level 1 in Staves
  1794 | D:2      | Reached skill level 1 in Slings
  1794 | D:2      | Reached skill level 1 in Bows
  1794 | D:2      | Reached skill level 1 in Crossbows
  1794 | D:2      | Reached skill level 1 in Stealth
  1794 | D:2      | Reached skill level 1 in Shields
  1794 | D:2      | Reached skill level 1 in Unarmed Combat
  1794 | D:2      | Reached skill level 1 in Invocations
  1794 | D:2      | Reached skill level 1 in Evocations
  1794 | D:2      | Reached XP level 4. HP: 27/38 MP: 7/11
  2078 | D:2      | Found a sacrificial altar of Ru.
  2081 | D:2      | Found a sparkling altar of Nemelex Xobeh.
  2085 | D:2      | Found a bloodstained altar of Trog.
  2086 | D:2      | Found a stormy altar of Qazlal.
  2579 | D:3      | Reached skill level 1 in Conjurations
  2579 | D:3      | Reached skill level 1 in Hexes
  2579 | D:3      | Reached skill level 1 in Summonings
  2579 | D:3      | Reached skill level 1 in Necromancy
  2579 | D:3      | Reached skill level 1 in Transmutations
  2579 | D:3      | Reached skill level 1 in Fire Magic
  2579 | D:3      | Reached skill level 1 in Ice Magic
  2579 | D:3      | Reached skill level 1 in Air Magic
  2579 | D:3      | Reached skill level 1 in Earth Magic
  2579 | D:3      | Reached skill level 1 in Poison Magic
  2627 | D:3      | Found a faded altar of an unknown god.
  2817 | D:3      | Reached XP level 5. HP: 43/43 MP: 12/12
  4030 | D:4      | Reached XP level 6. HP: 48/50 MP: 13/13
  4285 | D:4      | Noticed Grinder
  4301 | D:4      | Killed Grinder
  4302 | D:4      | Reached skill level 5 in Fighting
  4302 | D:4      | Reached skill level 5 in Axes
  4302 | D:4      | Reached skill level 5 in Dodging
  4302 | D:4      | Reached XP level 7. HP: 42/56 MP: 5/15
  4821 | D:5      | Entered Level 5 of the Dungeon
  5143 | D:5      | Found a snail-covered altar of Cheibriados.
  5267 | D:5      | Found a staircase to the Ecumenical Temple.
  5287 | Temple   | Entered the Ecumenical Temple
  5300 | Temple   | Became a worshipper of Hepliaklqana the Forgotten
  5477 | D:4      | Reached XP level 8. HP: 47/56 MP: 12/16
  5715 | D:5      | Got a shimmering copper ring
  5717 | D:5      | Identified the ring "Vucom" {*Contam rPois Str+6 Dex+3}
                  | (You found it on level 5 of the Dungeon)
  5809 | D:5      | Found an opulent altar of Gozag.
  6680 | D:6      | Found Peagir's Jewellery Boutique.
  6862 | D:6      | Reached * piety under Hepliaklqana
  6987 | D:6      | Reached XP level 9. HP: 62/62 MP: 18/18
  7598 | D:7      | Reached skill level 5 in Throwing
  7598 | D:7      | Reached skill level 5 in Armour
  8997 | D:8      | Reached skill level 5 in Invocations
  9031 | D:8      | Found a staircase to the Lair.
  9088 | D:8      | Noticed Joseph
  9105 | D:8      | Killed Joseph
  9202 | D:8      | Learned a level 3 spell: Confusing Touch
  9410 | D:8      | Reached XP level 10. HP: 67/69 MP: 9/20
  9596 | D:8      | Reached ** piety under Hepliaklqana
  9597 | D:8      | Remembered your ancestor Wigmund as a knight
  9854 | D:9      | Found a shadowy altar of Dithmenos.
  9933 | D:9      | Reached skill level 5 in Short Blades
  9933 | D:9      | Reached skill level 5 in Long Blades
  9933 | D:9      | Reached skill level 5 in Maces & Flails
  9933 | D:9      | Reached skill level 5 in Polearms
  9933 | D:9      | Reached skill level 5 in Staves
  9933 | D:9      | Reached skill level 5 in Slings
  9933 | D:9      | Reached skill level 5 in Bows
  9933 | D:9      | Reached skill level 5 in Crossbows
  9933 | D:9      | Reached skill level 5 in Stealth
  9933 | D:9      | Reached skill level 5 in Shields
  9933 | D:9      | Reached skill level 5 in Unarmed Combat
  9933 | D:9      | Reached skill level 5 in Evocations
 10048 | D:9      | Found a staircase to the Orcish Mines.
 10143 | D:9      | Found Onuoh's Jewellery Emporium.
 10215 | D:9      | Gained mutation: You expend magic power (3 MP) to
                  | strengthen your wands. [potion of mutation]
 10215 | D:9      | Gained mutation: Your flesh is heat resistant. (rF+)
                  | [potion of mutation]
 10978 | D:10     | Entered Level 10 of the Dungeon
 11081 | D:10     | Reached XP level 11. HP: 73/75 MP: 19/22
 11100 | D:10     | Noticed an unseen horror
 11118 | D:10     | Killed an unseen horror
 11136 | D:10     | Noticed Gastronok
 11149 | D:10     | Killed Gastronok
 11150 | D:10     | Reached skill level 5 in Conjurations
 11150 | D:10     | Reached skill level 5 in Hexes
 11150 | D:10     | Reached skill level 5 in Summonings
 11150 | D:10     | Reached skill level 5 in Necromancy
 11150 | D:10     | Reached skill level 5 in Transmutations
 11150 | D:10     | Reached skill level 5 in Fire Magic
 11150 | D:10     | Reached skill level 5 in Ice Magic
 11150 | D:10     | Reached skill level 5 in Air Magic
 11150 | D:10     | Reached skill level 5 in Earth Magic
 11150 | D:10     | Reached skill level 5 in Poison Magic
 11383 | D:10     | Noticed Maurice
 11391 | D:10     | Killed Maurice
 11466 | D:10     | You fall into a shaft and drop 2 floors!
 11467 | D:12     | Noticed a purple ugly thing
 11480 | D:11     | Killed a purple ugly thing
 11644 | D:11     | Noticed a two-headed ogre
 11797 | D:10     | Noticed an unseen horror
 11800 | D:10     | Noticed Nergalle
 11805 | D:10     | Killed an unseen horror
 11812 | D:10     | Noticed a spectral orc warlord
 11813 | D:10     | Killed Nergalle
 12534 | D:11     | Killed a two-headed ogre
 12535 | D:11     | Reached XP level 12. HP: 38/84 MP: 18/24
 12808 | D:11     | Identified the +0 plate armour "Xyex" {Str+6}
 13020 | D:11     | Noticed a centaur warrior
 13027 | D:11     | Killed a centaur warrior
 13164 | D:11     | Noticed Snorg
 13173 | D:11     | Killed Snorg
 13265 | D:11     | Reached *** piety under Hepliaklqana
 13286 | D:11     | Learned a level 4 spell: Petrify
 13784 | D:12     | Found Deteas's Armour Boutique.
 14095 | D:12     | Noticed Azrael
 14215 | Lair:1   | Entered Level 1 of the Lair of Beasts
 14268 | Orc:1    | Entered Level 1 of the Orcish Mines
 14294 | Orc:1    | Noticed an ogre mage
 14297 | Orc:1    | Noticed a two-headed ogre
 14301 | Orc:1    | Noticed a two-headed ogre
 14303 | Orc:1    | Killed an ogre mage
 14445 | D:10     | Killed a two-headed ogre
 14446 | D:10     | Reached XP level 13. HP: 63/90 MP: 26/26
 14729 | Orc:2    | Entered Level 2 of the Orcish Mines
 14875 | Orc:1    | Mangled by an ogre

Illustrated notes

Levels and vault maps discovered:
D:1:      nicolae_arrival_somewhat_less_tricky_arrival, layout_basic,
          st_stairs_14, nemelex_diamond_rough_becter
D:2:      layout_basic, minitemple, uniq_terence
D:3:      layout_loops_cross, chequers_ecumenical_altar_simple
D:4:      layout_cave_pools, skrybe_limestone_x, minmay_misc_feat_iff,
          minivault_1, uniq_grinder
D:5:      layout_cave_pools, kennysheep_mini_moat, temple_fountains, basic_altar
D:6:      layout_basic, serial_shops, shop, serial_glass, glass_columns_b,
          glass_columns_a, glass_columns_a, glass_columns_a
D:7:      layout_gridville
D:8:      layout_loops_ring, lair_entry_dummy, minivault_25,
          minmay_fountain_box, uniq_joseph
D:9:      kennysheep_housing_project, layout_basic,
          grunt_dithmenos_smoke_and_mirrors, orc_0_dummy, serial_shops, shop
D:10:     layout_basic, minivault_27, kennysheep_cross_bottleneck, uniq_maurice,
          uniq_nergalle, uniq_gastronok
D:11:     layout_cave_pools, uniq_snorg
D:12:     layout_roguey, minmay_shop_grid_forest, uniq_azrael
Temple:   eino_temple_scatter_basement
Lair:1:   layout_loops_ring, st_stairs_6, uniq_harold
Orc:1:    layout_caves, nicolae_orc_tapped_out
Orc:2:    st_orc_ogre_mass, layout_caves

Skill      XL: |  1  2  3  4  5  6  7  8  9 10 11 12 13 |
---------------+----------------------------------------+-----
Spellcasting   | 5 6 7 8 9 |  9.5
Short Blades   | 1 2 3 4 5 6 7 8 |  8.0
Long Blades    | 1 2 3 4 5 6 7 8 |  8.0
Maces & Flails | 1 2 3 4 5 6 7 8 |  8.0
Polearms       | 1 2 3 4 5 6 7 8 |  8.0
Staves         | 1 2 3 4 5 6 7 8 |  8.0
Slings         | 1 2 3 4 5 6 7 8 |  8.0
Bows           | 1 2 3 4 5 6 7 8 |  8.0
Crossbows      | 1 2 3 4 5 6 7 8 |  8.0
Stealth        | 1 2 3 4 5 6 7 8 |  8.0
Shields        | 1 2 3 4 5 6 7 8 |  8.0
Unarmed Combat | 1 2 3 4 5 6 7 8 |  8.0
Invocations    | 1 2 3 4 5 6 7 8 |  8.8
Evocations     | 1 2 3 4 5 6 7 8 |  8.0
Conjurations   | 1 2 3 4 5 6 |  6.7
Hexes          | 1 2 3 4 5 6 |  6.7
Summonings     | 1 2 3 4 5 6 |  6.7
Necromancy     | 1 2 3 4 5 6 |  6.7
Transmutations | 1 2 3 4 5 6 |  6.7
Fire Magic     | 1 2 3 4 5 6 |  6.7
Ice Magic      | 1 2 3 4 5 6 |  6.7
Air Magic      | 1 2 3 4 5 6 |  6.7
Earth Magic    | 1 2 3 4 5 6 |  6.7
Poison Magic   | 1 2 3 4 5 6 |  6.7
Throwing       | 3 4 5 6 7 8 |  8.5
Armour         | 3 4 5 6 7 8 |  8.5
Fighting       | 5 6 7 8 9 |  9.3
Axes           | 5 6 7 8 9 |  9.3
Dodging        | 5 6 7 8 9 |  9.3
Translocations | 6 7 8 |  8.7

Action                   |  1- 3 |  4- 6 |  7- 9 | 10-12 | 13-15 || total
-------------------------+-------+-------+-------+-------+-------++-------
Melee: Hand axe          |    34 |       |       |       |       ||    34
       Bite              |     6 |    11 |    39 |    53 |     6 ||   115
       Dagger            |    44 |   124 |   186 |       |       ||   354
       Punch             |       |     2 |     4 |       |       ||     6
       Battleaxe         |       |       |    86 |   340 |    30 ||   456
Throw: Stone             |       |    34 |     3 |       |       ||    37
       Javelin           |       |     2 |    11 |    28 |       ||    41
       Dart              |       |       |     8 |    15 |       ||    23
 Cast: Gell's Gravitas   |       |    11 |    25 |    32 |     6 ||    74
       Blink             |       |       |    10 |    13 |       ||    23
       Confusing Touch   |       |       |     1 |     4 |       ||     5
Invok: Ancestor Life: Kn |       |       |       |     1 |       ||     1
       Recall Ancestor   |       |       |       |     2 |     1 ||     3
       Transference      |       |       |       |     1 |       ||     1
       Ancestor Identity |       |       |       |     1 |       ||     1
Evoke: Wand              |       |       |       |     3 |       ||     3
       Phantom mirror    |       |       |       |       |     1 ||     1
  Use: Scroll            |     1 |     4 |     9 |     2 |       ||    16
       Potion            |       |     3 |     4 |     4 |       ||    11
 Stab: Sleeping          |       |     1 |     6 |     2 |       ||     9
       Distracted        |       |       |     2 |     6 |       ||     8
       Confused          |       |       |       |     1 |       ||     1
Armor: Leather armour    |    12 |    24 |    33 |    95 |       ||   164
       Ring mail         |       |       |    11 |       |       ||    11
       Troll leather arm |       |       |       |    31 |     8 ||    39
Dodge: Dodged            |    55 |    63 |   191 |   489 |    56 ||   854
Block: Other             |       |     6 |    14 |       |       ||    20
       Reflection        |       |       |     1 |       |       ||     1
